PL
BUFFALO WHITE WALKERS @ HOLLYWOOD SHREDDERS
09/03/2042
 
TOP OF THE 1ST
Buffalo White Walkers batting - Pitching for Hollywood Shredders : RHP Tony Alfonso
Pitching: RHP Tony Alfonso
Batting: LHB Dread Roberts 0-0: Called Strike
0-1: Foul Ball, location: 2F
0-2: Ground out 4-3 (Groundball, 4, EV 88.1 MPH)
Batting: RHB Tom Smythe 0-0: Called Strike
0-1: Foul Ball, location: 2F
0-2: DOUBLE (Line Drive, 89M, EV 95.6 MPH)
Batting: LHB Ryder Ringor 0-0: Called Strike
0-1: Ball
1-1: Ball
2-1: Called Strike
2-2: Foul Ball, location: 2F
2-2: Ball
3-2: Fly out, F9 (Flyball, 9LS, EV 89.4 MPH)
Batting: SHB Je-myung Yu 0-0: Ball
Pickoff Throw to Second - Error! E1
Tom Smythe to third
1-0: Foul Ball, location: 2F
1-1: Ball
2-1: Swinging Strike
2-2: Ball
3-2: Base on Balls
Batting: LHB Martín Pliego 0-0: Foul Ball, location: 2F
0-1: Ball
1-1: Called Strike
1-2: Fly out, F8 (Line Drive, 8RM, EV 88.8 MPH)
Top of the 1st over - 0 runs, 1 hit, 1 error, 2 left on base; Buffalo 0 - Hollywood 0
BOTTOM OF THE 1ST
Hollywood Shredders batting - Pitching for Buffalo White Walkers : RHP Bobby Roode
Pitching: RHP Bobby Roode
Batting: RHB Lautaro Lacasa 0-0: Ball
1-0: Swinging Strike
1-1: Ball
2-1: Bunted foul
2-2: SINGLE (Groundball, 6MD, EV 106.9 MPH)
Batting: LHB Kanko Umaba 0-0: Ball
1-0: Ball
2-0: Fly out, F5 (Popup, 5F, EV 66.9 MPH)
Batting: RHB Richard Trevithick 0-0: Called Strike
0-1: Foul Ball, location: 2F
0-2: Strikes out looking
Batting: RHB Ramón Rodríguez 0-0: Ball
1-0: Called Strike
Lautaro Lacasa steals 2nd base
1-1: Ball
2-1: Foul Ball, location: 2F
2-2: Foul Ball, location: 2F
2-2: Ball
3-2: Foul Ball, location: 2F
3-2: Foul Ball, location: 2F
3-2: Strikes out swinging
Bottom of the 1st over - 0 runs, 1 hit, 0 errors, 1 left on base; Buffalo 0 - Hollywood 0
TOP OF THE 2ND
Buffalo White Walkers batting - Pitching for Hollywood Shredders : RHP Tony Alfonso
Batting: RHB Eddie Sachs 0-0: Ball
1-0: Ball
2-0: Foul Ball, location: 2F
2-1: Called Strike
2-2: Strikes out swinging
Batting: SHB Max Bortenschlager 0-0: Ball
1-0: Ball
2-0: DOUBLE (Line Drive, 78M, EV 108.8 MPH)
Batting: RHB Colin O'Connell 0-0: Ball
1-0: Swinging Strike
1-1: Swinging Strike
1-2: Foul Ball, location: 2F
1-2: Strikes out swinging
Batting: RHB Armando Altagracia 0-0: Foul Ball, location: 2F
0-1: Called Strike
0-2: Strikes out swinging
Top of the 2nd over - 0 runs, 1 hit, 0 errors, 1 left on base; Buffalo 0 - Hollywood 0
BOTTOM OF THE 2ND
Hollywood Shredders batting - Pitching for Buffalo White Walkers : RHP Bobby Roode
Batting: RHB Mario Castillo 0-0: Ball
1-0: Ball
2-0: Ball
3-0: Base on Balls
Batting: LHB Divine Diablo 0-0: Ball
1-0: Foul Ball, location: 2F
1-1: Ball
Pickoff Throw by Catcher to First - Error! E2
Mario Castillo to second
2-1: Foul Ball, location: 2F
2-2: Ground out 4-3 (Groundball, 4, EV 105.0 MPH)
Mario Castillo to third
Batting: LHB Gilberto Ocasio 0-0: Swinging Strike
0-1: Ball
1-1: TRIPLE (Line Drive, 89XD, EV 102.5 MPH)
Mario Castillo scores
Batting: RHB Sayed Walid 0-0: Fly out, F4 (Flyball, 4D, EV 86.9 MPH)
Batting: RHB John Yossarian 0-0: Foul Ball, location: 2F
0-1: Swinging Strike
0-2: SINGLE (Groundball, 25, EV 76.9 MPH) (infield hit)
Gilberto Ocasio scores
Batting: RHB Lautaro Lacasa 0-0: Ball
1-0: Ball
2-0: SINGLE (Groundball, 56D, EV 93.8 MPH)
John Yossarian to second
Batting: LHB Kanko Umaba 0-0: Ball
1-0: Foul Ball, location: 2F
1-1: Ball
2-1: Fly out, F8 (Flyball, 78S, EV 83.8 MPH)
Bottom of the 2nd over - 2 runs, 3 hits, 1 error, 2 left on base; Buffalo 0 - Hollywood 2
TOP OF THE 3RD
Buffalo White Walkers batting - Pitching for Hollywood Shredders : RHP Tony Alfonso
Batting: LHB Dread Roberts 0-0: Called Strike
0-1: SOLO HOME RUN (Flyball, 89XD, EV 98.1 MPH), Distance : 419 ft
Batting: RHB Tom Smythe 0-0: Called Strike
0-1: Called Strike
0-2: Foul Ball, location: 2F
0-2: Ground out 6-3 (Groundball, 6, EV 77.5 MPH)
Batting: LHB Ryder Ringor 0-0: Ball
1-0: Called Strike
1-1: Ball
2-1: Foul Ball, location: 2F
2-2: Strikes out swinging
Batting: SHB Je-myung Yu 0-0: Foul Ball, location: 2F
0-1: Ball
1-1: Foul Ball, location: 2F
1-2: Strikes out swinging
Top of the 3rd over - 1 run, 1 hit, 0 errors, 0 left on base; Buffalo 1 - Hollywood 2
BOTTOM OF THE 3RD
Hollywood Shredders batting - Pitching for Buffalo White Walkers : RHP Bobby Roode
Batting: RHB Richard Trevithick 0-0: Called Strike
0-1: Fly out, F7 (Flyball, 7LDF, EV 91.2 MPH)
Batting: RHB Ramón Rodríguez 0-0: Ball
1-0: Ball
2-0: Ball
3-0: Called Strike
3-1: Foul Ball, location: 2F
3-2: Ground out 4-3 (Groundball, 4, EV 79.4 MPH)
Batting: RHB Mario Castillo 0-0: Ball
1-0: Fly out, F8 (Line Drive, 8RD, EV 90.0 MPH)
Bottom of the 3rd over - 0 runs, 0 hits, 0 errors, 0 left on base; Buffalo 1 - Hollywood 2
TOP OF THE 4TH
Buffalo White Walkers batting - Pitching for Hollywood Shredders : RHP Tony Alfonso
Batting: LHB Martín Pliego 0-0: Foul Ball, location: 2F
0-1: Ball
1-1: Called Strike
1-2: DOUBLE (Line Drive, 89M, EV 96.9 MPH)
Batting: RHB Eddie Sachs 0-0: Ball
1-0: Ground out 6-3 (Groundball, 6, EV 79.4 MPH)
Martín Pliego to third
Batting: SHB Max Bortenschlager 0-0: Ball
1-0: Foul Ball, location: 2F
1-1: Ball
2-1: Ball
3-1: Called Strike
3-2: SINGLE (Groundball, 56D, EV 109.4 MPH)
Martín Pliego scores
Batting: RHB Colin O'Connell 0-0: Fly out, F9 (Flyball, 9, EV 86.2 MPH)
Batting: RHB Armando Altagracia 0-0: Ball
1-0: DOUBLE (Line Drive, 78D, EV 108.8 MPH)
Max Bortenschlager to third
Batting: LHB Dread Roberts 0-0: Ball
1-0: 3-RUN HOME RUN (Flyball, 9LD, EV 93.1 MPH), Distance : 352 ft
Batting: RHB Tom Smythe 0-0: Called Strike
0-1: Called Strike
0-2: Ball
1-2: Strikes out swinging
Top of the 4th over - 4 runs, 4 hits, 0 errors, 0 left on base; Buffalo 5 - Hollywood 2
BOTTOM OF THE 4TH
Hollywood Shredders batting - Pitching for Buffalo White Walkers : RHP Bobby Roode
Batting: LHB Divine Diablo 0-0: Ball
1-0: Ball
2-0: Swinging Strike
2-1: Foul Ball, location: 2F
2-2: Ball
3-2: Base on Balls
Batting: LHB Gilberto Ocasio 0-0: Called Strike
0-1: SINGLE (Groundball, 34D, EV 99.4 MPH)
Divine Diablo to second
Runner from 2nd tries for 3rd, SAFE, throw by RF made to third
Batting: RHB Sayed Walid 0-0: Swinging Strike
0-1: Ball
1-1: Foul Ball, location: 2F
1-2: Ball
2-2: Foul Ball, location: 2F
2-2: Fielders Choice at 2nd, 6-4 (Groundball, 6, EV 81.9 MPH)
Divine Diablo scores
Batting: RHB John Yossarian 0-0: Called Strike
0-1: Foul Ball, location: 2F
0-2: Ball
1-2: Ball
2-2: Foul Ball, location: 2F
2-2: SINGLE (Line Drive, 78M, EV 83.8 MPH)
Sayed Walid to second
Batting: RHB Lautaro Lacasa 0-0: Called Strike
0-1: Ball
1-1: Ball
2-1: Ball
3-1: Grounds into double play, 5-4-3 (Groundball, 56, EV 103.1 MPH)
Bottom of the 4th over - 1 run, 2 hits, 0 errors, 1 left on base; Buffalo 5 - Hollywood 3
TOP OF THE 5TH
Buffalo White Walkers batting - Pitching for Hollywood Shredders : RHP Tony Alfonso
Batting: LHB Ryder Ringor 0-0: Foul Ball, location: 2F
0-1: Swinging Strike
0-2: Ball
1-2: Ball
2-2: Ball
3-2: DOUBLE (Flyball, 89D, EV 96.9 MPH)
Batting: SHB Je-myung Yu 0-0: Ball
1-0: Ball
2-0: Foul Ball, location: 2F
2-1: Ball
3-1: Base on Balls
Pitching: RHP José Villarreal
Batting: LHB Martín Pliego 0-0: Ball
1-0: Called Strike
1-1: Called Strike
1-2: Ball
2-2: Foul Ball, location: 2F
2-2: Strikes out looking
Batting: RHB Eddie Sachs 0-0: Foul Ball, location: 2F
0-1: SINGLE (Groundball, 56D, EV 105.0 MPH)
Ryder Ringor to third
Je-myung Yu to second
Runner from 3rd tries for Home, SAFE, no throw by LF
Batting: SHB Max Bortenschlager 0-0: Ball
1-0: Ground out 6-3 (Groundball, 6S, EV 66.9 MPH)
Je-myung Yu to third
Eddie Sachs to second
Batting: RHB Colin O'Connell 0-0: Ball
1-0: Called Strike
1-1: Called Strike
1-2: Ball
2-2: Strikes out swinging
Top of the 5th over - 1 run, 2 hits, 0 errors, 2 left on base; Buffalo 6 - Hollywood 3
BOTTOM OF THE 5TH
Hollywood Shredders batting - Pitching for Buffalo White Walkers : RHP Bobby Roode
Batting: LHB Kanko Umaba 0-0: Called Strike
0-1: Foul Ball, location: 2F
0-2: Ball
1-2: Ground out 3-1 (Groundball, 34, EV 80.6 MPH)
Batting: RHB Richard Trevithick 0-0: Swinging Strike
0-1: Foul Ball, location: 2F
0-2: Ball
1-2: Strikes out looking
Pitching: RHP Scott Colorado
Batting: RHB Ramón Rodríguez 0-0: Ball
1-0: Ball
2-0: Fly out, F7 (Line Drive, 7, EV 92.5 MPH)
Bottom of the 5th over - 0 runs, 0 hits, 0 errors, 0 left on base; Buffalo 6 - Hollywood 3
TOP OF THE 6TH
Buffalo White Walkers batting - Pitching for Hollywood Shredders : RHP José Villarreal
Batting: RHB Armando Altagracia 0-0: Ball
1-0: Ground out 6-3 (Groundball, 6, EV 83.1 MPH)
Batting: LHB Dread Roberts 0-0: Ball
1-0: Ball
2-0: Ball
3-0: Called Strike
3-1: Foul Ball, location: 2F
3-2: Base on Balls
Batting: RHB Tom Smythe 0-0: Foul Ball, location: 2F
0-1: Ball
1-1: Fly out, F7 (Flyball, 7S, EV 83.8 MPH)
Batting: LHB Ryder Ringor 0-0: Ball
1-0: Fly out, F7 (Flyball, 78XD, EV 86.9 MPH)
Top of the 6th over - 0 runs, 0 hits, 0 errors, 1 left on base; Buffalo 6 - Hollywood 3
BOTTOM OF THE 6TH
Hollywood Shredders batting - Pitching for Buffalo White Walkers : RHP Scott Colorado
Batting: RHB Mario Castillo 0-0: Called Strike
0-1: Foul Ball, location: 2F
0-2: Ball
1-2: Ball
2-2: Ground out 1-3 (Groundball, 34S, EV 92.5 MPH)
Batting: LHB Divine Diablo 0-0: Fly out, F8 (Flyball, 78D, EV 96.9 MPH)
Batting: LHB Gilberto Ocasio 0-0: Foul Ball, location: 2F
0-1: Ball
1-1: Ball
2-1: Fly out, F8 (Flyball, 78D, EV 86.2 MPH)
Bottom of the 6th over - 0 runs, 0 hits, 0 errors, 0 left on base; Buffalo 6 - Hollywood 3
TOP OF THE 7TH
Buffalo White Walkers batting - Pitching for Hollywood Shredders : RHP José Villarreal
Batting: SHB Je-myung Yu 0-0: Ball
1-0: Ball
2-0: Ball
3-0: Base on Balls
Pitching: LHP Ismael Riddles
Batting: LHB Martín Pliego 0-0: Called Strike
0-1: Ball
1-1: DOUBLE (Flyball, 9LD, EV 103.1 MPH)
Je-myung Yu to third
Runner from 3rd tries for Home, SAFE, throw by RF to home
Batting: RHB Eddie Sachs 0-0: Ball
1-0: Ball
2-0: Called Strike
2-1: Ball
3-1: Foul Ball, location: 2F
3-2: Strikes out swinging
Batting: SHB Max Bortenschlager 0-0: Ball
1-0: Ball
2-0: Called Strike
2-1: Foul Ball, location: 2F
2-2: Ground out 3-1 (Groundball, 34, EV 85.0 MPH)
Martín Pliego to third
Batting: RHB Colin O'Connell 0-0: Ball
1-0: Ball
2-0: Reached on error, E1 (Groundball, 34S, EV 76.2 MPH)
Martín Pliego scores
Batting: RHB Armando Altagracia 0-0: Swinging Strike
0-1: DOUBLE (Line Drive, 89D, EV 101.2 MPH)
Colin O'Connell to third
Runner from 3rd tries for Home, SAFE, no throw by CF
Batting: LHB Dread Roberts 0-0: Called Strike
0-1: Ball
1-1: Foul Ball, location: 2F
1-2: Foul Ball, location: 2F
1-2: Ball
2-2: Ball
Passed Ball!
Armando Altagracia to third
3-2: Foul Ball, location: 2F
3-2: Base on Balls
Batting: RHB Tom Smythe 0-0: Ball
1-0: Called Strike
1-1: Swinging Strike
1-2: Strikes out swinging
Top of the 7th over - 3 runs, 2 hits, 1 error, 2 left on base; Buffalo 9 - Hollywood 3
BOTTOM OF THE 7TH
Hollywood Shredders batting - Pitching for Buffalo White Walkers : RHP Scott Colorado
Batting: RHB Sayed Walid 0-0: Ball
1-0: Called Strike
1-1: Ball
2-1: Fly out, F9 (Flyball, 9S, EV 84.4 MPH)
Batting: RHB John Yossarian 0-0: Ball
1-0: Fly out, F9 (Line Drive, 9, EV 94.4 MPH)
Batting: RHB Lautaro Lacasa 0-0: Called Strike
0-1: Foul Ball, location: 2F
0-2: Ball
1-2: Ball
2-2: Ball
3-2: Foul Ball, location: 2F
3-2: Ground out 5-3 (Groundball, 56, EV 85.0 MPH)
Bottom of the 7th over - 0 runs, 0 hits, 0 errors, 0 left on base; Buffalo 9 - Hollywood 3
TOP OF THE 8TH
Buffalo White Walkers batting - Pitching for Hollywood Shredders : LHP Ismael Riddles
Pitching: RHP Larry Benítez
Batting: LHB Ryder Ringor 0-0: Ball
1-0: Fly out, F8 (Flyball, 8RS, EV 90.6 MPH)
Batting: SHB Je-myung Yu 0-0: Ball
1-0: Called Strike
1-1: Foul Ball, location: 2F
1-2: Ground out 1-3 (Groundball, 15S, EV 76.9 MPH)
Batting: LHB Martín Pliego 0-0: Foul Ball, location: 2F
0-1: Called Strike
0-2: Ball
1-2: Strikes out swinging
Top of the 8th over - 0 runs, 0 hits, 0 errors, 0 left on base; Buffalo 9 - Hollywood 3
BOTTOM OF THE 8TH
Hollywood Shredders batting - Pitching for Buffalo White Walkers : RHP Scott Colorado
Batting: LHB Kanko Umaba 0-0: Ball
1-0: Called Strike
1-1: Ball
2-1: Called Strike
2-2: Strikes out swinging
Batting: RHB Richard Trevithick 0-0: Ball
1-0: Ball
2-0: Ball
3-0: Base on Balls
Pitching: RHP Keith Rojas
Batting: RHB Ramón Rodríguez 0-0: Ball
1-0: SINGLE (Line Drive, 8LS, EV 95.0 MPH)
Richard Trevithick to second
Batting: RHB Mario Castillo 0-0: Ball
1-0: Ball
2-0: Ball
3-0: Base on Balls
Richard Trevithick to third
Ramón Rodríguez to second
Batting: LHB Divine Diablo 0-0: Swinging Strike
0-1: Fly out, F4 (Popup, 34, EV 60.0 MPH)
Batting: LHB Gilberto Ocasio 0-0: Ball
1-0: Ball
2-0: Fly out, F9 (Flyball, 9D, EV 92.5 MPH)
Bottom of the 8th over - 0 runs, 1 hit, 0 errors, 3 left on base; Buffalo 9 - Hollywood 3
TOP OF THE 9TH
Buffalo White Walkers batting - Pitching for Hollywood Shredders : RHP Larry Benítez
Batting: RHB Eddie Sachs 0-0: Ball
1-0: Ball
2-0: Foul Ball, location: 2F
2-1: Swinging Strike
2-2: Ball
3-2: Base on Balls
Batting: SHB Max Bortenschlager 0-0: Called Strike
0-1: Fly out, F1 (Line Drive, P, EV 70.0 MPH)
Lined into DP, 1-3 (Line Drive, P, EV 74.4 MPH)
Batting: RHB Colin O'Connell 0-0: Called Strike
0-1: Ground out 6-3 (Groundball, 6, EV 87.5 MPH)
Top of the 9th over - 0 runs, 0 hits, 0 errors, 0 left on base; Buffalo 9 - Hollywood 3
BOTTOM OF THE 9TH
Hollywood Shredders batting - Pitching for Buffalo White Walkers : RHP Keith Rojas
Batting: RHB Sayed Walid 0-0: Called Strike
0-1: Fly out, F9 (Flyball, 9LSF, EV 74.4 MPH)
Batting: RHB John Yossarian 0-0: Ball
1-0: Ball
2-0: Fly out, F7 (Line Drive, 7, EV 91.9 MPH)
Batting: RHB Lautaro Lacasa 0-0: Called Strike
0-1: Ball
1-1: Ball
2-1: Swinging Strike
2-2: Ground out 6-3 (Groundball, 6, EV 84.4 MPH)
Bottom of the 9th over - 0 runs, 0 hits, 0 errors, 0 left on base; Buffalo 9 - Hollywood 3
Friday, March 26th, 2021 - OOTP Baseball 20.8 Build 74